 Dungeon Crawl Stone Soup version 0.28-a0-258-g8de209e91f (webtiles) character file.

Game seed: 1876619205189487368

201 robertstho the Magician (level 6, -1/40 HPs)
             Began as a Djinni Fire Elementalist on Aug 26, 2021.
             Killed from afar by Dowan (12 damage)
             ... with a stone arrow
             ... on level 4 of the Dungeon.
             The game lasted 00:05:27 (4963 turns).

robertstho the Magician (Djinni Fire Elementalist)  Turns: 4963, Time: 00:05:28

Health: -1/40      AC:  2    Str:  7    XL:     6   Next: 7%
Gold:   141        EV: 12    Int: 18    God:
                   SH:  0    Dex: 14

rFire   + . .      SeeInvis .   (no weapon)
rCold   . . .      Faith    .   (no shield)
rNeg    . . .      Spirit   .   a - +0 robe
rPois   ∞          Reflect  .   (no helmet)
rElec   .          Harm     .   (no cloak)
rCorr   .          Rampage  .   (no gloves)
Will    .....                   (boots unavailable)
Stlth   ++........              (no amulet)
HPRegen 0.13/turn               o - ring of ice
MPRegen 0.00/turn               (no ring)

@: flying
A: sickness immunity, fire resistance 2, cold vulnerability 1, float, innate
caster, hp casting, extra vitality 1
a: no special abilities


You were on level 4 of the Dungeon.
You visited 1 branch of the dungeon, and saw 4 of its levels.

You collected 141 gold pieces.

Inventory:

Armour
 a - a +0 robe (worn)
Jewellery
 o - a ring of ice (left hand)
Scrolls
 b - 2 scrolls of vulnerability {unknown}
 g - a scroll of amnesia {unknown}
 h - a scroll of identify {unknown}
 j - a scroll of teleportation {unknown}
 l - a scroll of fog {unknown}
 m - a scroll of immolation {unknown}
Potions
 c - 2 potions of flight
 d - 2 potions of mutation {unknown}
 e - a potion of lignification {unknown}
 f - a potion of magic {unknown}
 k - a potion of heal wounds {unknown}
 n - a potion of curing {unknown}


   Skills:
 + Level 2.4 Dodging
 + Level 2.4 Stealth
 + Level 4.4 Spellcasting


You couldn't memorise any spells.
You knew the following spells:

 Your Spells              Type           Power      Damage    Failure   Level
a - Foxfire               Conj/Fire      80%        2x1d8     2%          1
b - Conjure Flame         Conj/Fire      20%        6-21      7%          3
c - Inner Flame           Hex/Fire       20%        N/A       7%          3
d - Sticky Flame          Conj/Fire      20%        2d4       22%         4
e - Fireball              Conj/Fire      10%        3d6       52%         5
f - Shock                 Conj/Air       80%        1d8       2%          1
g - Poisonous Vapours     Pois/Air       40%        N/A       3%          2
Your spell library was empty.

Dungeon Overview and Level Annotations

Branches:
Dungeon (4/15)
 Temple: D:4-7

Altars:

Shops:
D:1 [

Annotations:
D:4 Dowan


Innate Abilities, Weirdness & Mutations

You are immune to sickness and miasma.
You are immune to poison.
Your flesh is very heat resistant. (rF++)
You are vulnerable to cold. (rC-)
You float through the air rather than walking.
You learn spells naturally, not from books.
Your magical power is your life essence.
You have superior vitality. (+4 HP)


Message History

Aiming: Sticky Flame (quite dangerous; 22% risk of failure)
Press: ? - help, Shift-Dir - straight line, f/p - Duvessa
Aim: Duvessa, wielding a +0 short sword and wearing a +0 leather armour (moderately wounded, poisoned, 100% to hit)
The sticky flame hits Duvessa.
Duvessa is heavily wounded.
Duvessa is covered in liquid flames!
Duvessa burns!
Duvessa hits you with a +0 short sword!
Unknown command.
Casting: Sticky Flame (quite dangerous; 22% risk of failure)
Confirm with . or Enter, or press ? or * to list all spells.
Aiming: Poisonous Vapours (safe; 3% risk of failure)
Press: ? - help, Dir - move target, f - Dowan, p - Duvessa
Aim: Dowan, wielding a +0 dagger, wearing a +0 robe and carrying a wand of polymorph (8) Poisonous vapours surround Dowan!
Dowan is poisoned.
Duvessa burns!
Duvessa hits you with a +0 short sword.
Unknown command.
Unknown command.
Casting: Poisonous Vapours (safe; 3% risk of failure)
Confirm with . or Enter, or press ? or * to list all spells.
The spell is quite dangerous to cast (22% risk of failure)!
Continue anyway?
Aiming: Sticky Flame (quite dangerous; 22% risk of failure)
Press: ? - help, Shift-Dir - straight line, f/p - Dowan
Aim: Dowan, wielding a +0 dagger, wearing a +0 robe and carrying a wand of polymorph (8) (very poisoned, 100% to hit)
The sticky flame hits Dowan.
Dowan is moderately wounded.
Dowan is covered in liquid flames!
* * * LOW HITPOINT WARNING * * *
Duvessa burns!
Dowan burns!
Dowan gestures at you while chanting. You resist with some effort.
Duvessa closely misses you.
It was a potion of flight.
You feel more buoyant.
Duvessa burns!
You kill Duvessa!
Dowan screams, "No!
Oh no!"
Dowan seems to find hidden reserves of power!
Dowan burns!
Dowan casts a spell at you. The stone arrow hits you!
You die...

.....# ....# #. ....#
#. ....# ##. ....# ..
##.## ###.#### #.###
#...... #...# #.##e#
####.# #..)@# ...#.#
#..### ##.#.#
#..######
...#.########.........
####...........#######
#############


You could see Dowan (fast, burning, very poisoned).

Vanquished Creatures
  Duvessa (D:4)
  A jelly (D:3)
  An iguana (D:4)
  6 adders
  An adder skeleton (D:2)
  3 worms
  2 dart slugs (D:1)
  9 ball pythons
  5 bats
  5 endoplasms
  4 giant cockroaches
  3 goblins
  8 hobgoblins
  4 kobolds
  4 quokkas
  8 frilled lizards
  12 rats
77 creatures vanquished.

Vanquished Creatures (collateral kills)
  2 foxfires (D:1)
2 creatures vanquished.

Vanquished Creatures (others)
  401 foxfires
401 creatures vanquished.

Grand Total: 480 creatures vanquished

Notes
Turn   | Place    | Note
-------+----------+-------------------------------------------
     0 | D:1      | robertstho the Djinni Fire Elementalist began the quest for
                  | the Orb.
     0 | D:1      | Reached XP level 1. HP: 15/15 MP: 0/0
   254 | D:1      | Reached XP level 2. HP: 13/21 MP: 0/0
   409 | D:1      | Found Jixayq's Antique Armour Emporium.
   735 | D:1      | Reached skill level 3 in Spellcasting
   953 | D:1      | Reached XP level 3. HP: 24/25 MP: 0/0
   953 | D:1      | Learned a level 1 spell: Shock
  2027 | D:2      | Reached XP level 4. HP: 17/31 MP: 0/0
  3141 | D:2      | Found a faded altar of an unknown god.
  3147 | D:2      | Reached XP level 5. HP: 29/35 MP: 0/0
  3147 | D:2      | Learned a level 2 spell: Poisonous Vapours
  3615 | D:3      | Reached skill level 4 in Spellcasting
  4845 | D:4      | Reached XP level 6. HP: 29/40 MP: 0/0
  4956 | D:4      | Noticed Duvessa
  4956 | D:4      | Noticed Dowan
  4963 | D:4      | Killed Duvessa
  4963 | D:4      | Killed from afar by Dowan

Illustrated notes

Levels and vault maps discovered:
D:1:      dpeg_arrival_orchard, layout_basic, serial_shops,
          nicolae_shop_overgrown_old_shop, amcnicky_mini_corridor_feature
D:2:      layout_rooms, shapermc_ecumenical_altar_mp_highgroup,
          minmay_rat_gold_closets
D:3:      layout_loops_corners, chequers_arboretum, kennysheep_generic_room_14
D:4:      layout_basic, minmay_temple_entry_glassed_door,
          kennysheep_pointless_box, chequers_mini_garden, uniq_duvessa,
          uniq_sigmund

Skill      XL: |  1  2  3  4  5 |
---------------+----------------+-----
Spellcasting   | 3 4 |  4.4
Stealth        | 2 |  2.4
Dodging        | |  2.4

Action                   |  1- 3 |  4- 6 || total
-------------------------+-------+-------++-------
 Cast: Foxfire           |   101 |   158 ||   259
       Sticky Flame      |       |     2 ||     2
       Poisonous Vapours |       |     2 ||     2
  Use: Potion            |       |     1 ||     1
Armor: Robe              |       |     1 ||     1
Dodge: Dodged            |       |     5 ||     5

Table legend: (Time is in decaauts)
 A = Elapsed time spent in this place.
 B = Non-inter-level travel time spent in this place.
 C = Inter-level travel time spent in this place.
 D = Time resting spent in this place.
 E = Time spent auto-exploring this place.
 F = Levels seen in this place.
 G = Mean time per level.
                   A        B        C        D        E       F      G
               +--------+--------+--------+--------+--------+-----+--------+
         Total |   4961 |   4911 |     50 |      0 |   4359 |   4 | 1240.2 |
       Dungeon |   4961 |   4911 |     50 |      0 |   4359 |   4 | 1240.2 |
               +--------+--------+--------+--------+--------+-----+--------+

Top non-repeatable levels by time:
     D:1: 1718 daAuts
     D:2: 1563 daAuts
     D:3: 1410 daAuts
     D:4: 269 daAuts
